 Dungeon Crawl Stone Soup version 0.30.1 (webtiles) character file.

Game seed: 14030256930699220737

93 Fodor the Covered (level 4, 0/40 HPs)
             Began as a Minotaur Fighter on July 12, 2023.
             Slain by a gnoll
             ... wielding a +0 spear
              (8 damage)
             ... on level 3 of the Dungeon.
             The game lasted 00:09:04 (1657 turns).

Fodor the Covered (Minotaur Fighter)                Turns: 1657, Time: 00:09:05

Health: 0/40       AC:  8    Str: 23    XL:     4   Next: 36%
Magic:  3/3        EV:  9    Int:  5    God:
Gold:   29         SH:  4    Dex:  9    Spells: 3/3 levels left

rFire   . . .        e - +3 dagger
rCold   . . .        c - +0 buckler
rNeg    . . .        b - +0 scale mail
rPois   .            (helmet restricted)
rElec   .            k - +0 cloak
rCorr   .            (no gloves)
SInv    +            (no boots)
Will    .....        (no amulet) Stlth
                     n - ring of see invisible
HPRegen 0.26/turn    (no ring)
MPRegen 0.08/turn

%: no passive effects
@: about to teleport
A: horns 2, retaliatory headbutt
a: no special abilities


You were on level 3 of the Dungeon.
You visited 1 branch of the dungeon, and saw 3 of its levels.

You collected 29 gold pieces.

Inventory:

Hand Weapons
 a - a +0 long sword
 e - a +3 dagger (weapon)
 j - a +0 sling
Armour
 b - a +0 scale mail (worn)
 c - a +0 buckler (worn)
 k - a +0 cloak (worn)
 q - a +0 plate armour
Jewellery
 n - a ring of see invisible (left hand)
Scrolls
 g - a scroll of teleportation
 h - 2 scrolls of identify {unknown}
 m - a scroll of noise {unknown}
Potions
 d - a potion of might
 f - 2 potions of mutation {unknown}
 i - 2 potions of curing {unknown}
 l - a potion of heal wounds {unknown}
 o - a potion of haste {unknown}
 p - a potion of lignification {unknown}
 r - a potion of experience {unknown}
 s - a potion of ambrosia {unknown}
 t - a potion of resistance {unknown}


   Skills:
 + Level 4.1 Fighting
 + Level 1.1(1.9) Short Blades
 + Level 2.5(2.7) Long Blades
 + Level 2.0 Ranged Weapons
 + Level 4.6 Armour
 + Level 0.4 Dodging
 + Level 4.1 Shields


You had 3 spell levels left.
You didn't know any spells.
Your spell library was empty.

Dungeon Overview and Level Annotations

Branches:
Dungeon (3/15)

Altars:


Innate Abilities, Weirdness & Mutations

You have a pair of horns on your head.
You reflexively headbutt those who attack you in melee.


Message History

The gnoll barely misses you.
The gnoll hits you from afar with a +0 spear!
You closely miss the gnoll. Your headbutt misses the gnoll.
You block the gnoll's attack. The gnoll barely misses you.
You hit the gnoll.
The gnoll is lightly wounded.
The jackal misses you. You block the jackal's attack.
The gnoll hits you from afar with a +0 spear.
The gnoll hits you with a +0 flail.
The jackal bites you but does no damage. x2
You hit the gnoll.
The gnoll is lightly wounded.
You block the jackal's attack. The jackal closely misses you.
The gnoll hits you from afar with a +0 spear.
The gnoll hits you with a +0 flail.
* * * LOW HITPOINT WARNING * * *
You hit the gnoll. You headbutt the gnoll.
You kill the gnoll!
The jackal bites you.
* * * LOW HITPOINT WARNING * * *
The jackal bites you but does no damage.
The gnoll barely misses you. The jackal misses you.
Your Short Blades skill increases to level 1!
As you read the scroll labelled ZYORUM KAHEZIF, it crumbles to dust.
You feel strangely unstable.
It was a scroll of teleportation.
You block the jackal's attack. You block the gnoll's attack.
The jackal bites you but does no damage.
The jackal barely misses you.
Unknown command.
Okay, then.
You barely miss the jackal. The jackal misses you.
The jackal bites you but does no damage.
You block the gnoll's attack.
A quokka comes into view.
You hit the jackal.
The jackal is heavily wounded.
The jackal bites you but does no damage.
The jackal barely misses you.
The gnoll hits you from afar with a +0 spear!
You die...

... #.# #####
##.## #...# #...#
... #...# .g.
#...# #g#
#...#######
#)######.........#
#@#......).......#
#hh...............
###..............#
####.#.........#
#.#...#.#####
#.#.(.#.#
#.#.>.#.#
#.#hh.#.# #......


You could see 2 gnolls and 2 jackals.

Vanquished Creatures
  2 gnolls
  3 adders (D:2)
  A worm (D:2)
  A dart slug (D:1)
  A ball python (D:2)
  10 endoplasms
  2 giant cockroaches (D:1)
  2 goblins (D:1)
  6 hobgoblins
  4 kobolds
  A quokka (D:1)
  3 bats
  2 frilled lizards (D:1)
  A rat (D:1)
39 creatures vanquished.

Notes
Turn   | Place    | Note
-------+----------+-------------------------------------------
     0 | D:1      | Fodor the Minotaur Fighter began the quest for the Orb.
     0 | D:1      | Reached XP level 1. HP: 19/19 MP: 0/0
   163 | D:1      | Reached XP level 2. HP: 20/27 MP: 1/1
   534 | D:1      | Reached XP level 3. HP: 20/33 MP: 2/2
  1114 | D:2      | Reached skill level 1 in Ranged Weapons
  1289 | D:2      | Reached XP level 4. HP: 40/40 MP: 3/3
  1655 | D:3      | Reached skill level 1 in Short Blades
  1657 | D:3      | Slain by a gnoll

Illustrated notes

Levels and vault maps discovered:
D:1:      dpeg_arrival_water_temple_mockup, layout_basic, serial_bayou,
          serial_bayou_pond_b, serial_bayou_lagoon_a, serial_bayou_pond_a,
          serial_bayou_shore_b
D:2:      layout_loops_ring, kennysheep_generic_room_9
D:3:      layout_loops_cross, general_overflow_altar,
          hellmonk_ecumenical_altar_heavens_door

Skill      XL: |  1  2  3  4 |
---------------+-------------+-----
Shields        | 4 |  4.1
Fighting       | 4 |  4.1
Armour         | 4 |  4.6
Ranged Weapons | 1 2 |  2.0
Short Blades   | 1 |  1.1
Long Blades    | |  2.5
Dodging        | |  0.4

Action                     |  1- 3 |  4- 6 || total
---------------------------+-------+-------++-------
  Melee: Dagger            |    60 |    24 ||    84
         Headbutt          |    11 |     4 ||    15
   Fire: Sling             |    45 |       ||    45
    Use: Scroll            |       |     1 ||     1
 Armour: Scale mail        |    38 |    10 ||    48
  Dodge: Dodged            |    48 |    14 ||    62
  Block: Buckler           |    22 |     8 ||    30
